 Dungeon Crawl Stone Soup version 0.21.1-1-g345015f (webtiles) character file.

5109 Falco the Thaumaturge (level 10, -1/55 HPs)
             Began as a Deep Elf Ice Elementalist on Apr 22, 2018.
             Slain by a two-headed ogre
             ... wielding a cursed -1 giant spiked club
              (25 damage)
             ... on level 9 of the Dungeon on Apr 23, 2018.
             The game lasted 01:13:49 (10120 turns).

Falco the Thaumaturge (Deep Elf Ice Elementalist)  Turns: 10120, Time: 01:13:49

Health: -1/55      AC: 14    Str:  5    XL:     10   Next: 32%
Magic:  0/27       EV: 14    Int: 24    God:
Gold:   461        SH:  0    Dex: 15    Spells: 5/31 levels left

rFire    x . .     SeeInvis .   r - +6 hunting sling (freeze)
rCold    + . .     Gourm    .   (no shield)
rNeg     . . .     Faith    .   y - +2 robe {MR+}
rPois    .         Spirit   +   (no helmet)
rElec    .         Reflect  .   h - +0 cloak
rCorr    .         Harm     .   (no gloves)
MR       ++...                  (no boots)
Stlth    +++.......             z - amulet of guardian spirit
HPRegen  0.18/turn              q - ring of ice
MPRegen  0.20/turn              (no ring)

@: icy armour, very slightly contaminated, slow
A: no striking features
a: no special abilities


You were on level 9 of the Dungeon.
You were not hungry.

You visited 1 branch of the dungeon, and saw 9 of its levels.

You collected 461 gold pieces.

Inventory:

Hand Weapons
 e - a +0 dagger
 l - a +0 dagger
 n - a +0 short sword
 r - a +6 hunting sling of freezing (weapon)
 s - a cursed -3 quarterstaff
 B - a +2 flail of pain
 G - a +2 flail of crushing
 H - a +0 falchion of freezing
 J - a +0 blowgun
 W - a +5 halberd
Missiles
 t - 100 stones (quivered)
 w - 2 throwing nets
 E - 5 poisoned needles
 L - 5 needles of frenzy
Armour
 a - a +0 robe
 h - a +0 cloak (worn)
 i - a +0 robe
 o - a +0 robe
 p - a +0 large shield
 y - a +2 robe of magic resistance (worn)
 Q - a cursed +0 cloak
Jewellery
 q - a ring of ice (left hand)
 z - an amulet of guardian spirit (around neck)
 D - a cursed amulet of inaccuracy {unknown}
 N - an uncursed amulet of faith {unknown}
 S - an uncursed ring of fire {unknown}
 X - an uncursed ring of positive energy {unknown}
Wands
 A - a wand of random effects (15)
 C - a wand of flame (36)
 O - a wand of polymorph (23)
 R - a wand of iceblast (12)
 Y - a wand of clouds (4)
Scrolls
 d - a scroll of vulnerability {unknown}
 f - 4 scrolls of teleportation
 j - a scroll of magic mapping {unknown}
 k - 4 scrolls of enchant armour {unknown}
 v - 6 scrolls of remove curse {unknown}
 I - a scroll of immolation {unknown}
 K - a scroll of random uselessness {unknown}
 M - a scroll of torment {unknown}
 P - 2 scrolls of identify
Potions
 g - a potion of magic {unknown}
 m - 2 potions of brilliance {unknown}
 u - 3 potions of curing {unknown}
 x - 2 potions of might {unknown}
 F - a potion of cancellation {unknown}
 U - a potion of invisibility {unknown}
 V - a potion of heal wounds {unknown}
 Z - a potion of haste {unknown}
Books
 b - a book of Frost

   Spells                             Type                      Level
   a - Freeze                         Ice                          1
   b - Throw Frost                    Conjuration/Ice              2
   c - Ozocubu's Armour               Charms/Ice                   3
   d - Throw Icicle                   Conjuration/Ice              4
   e - Summon Ice Beast               Ice/Summoning                4
 T - a book of Maledictions

   Spells                             Type                      Level
   a - Corona                         Hexes                        1
   b - Ensorcelled Hibernation        Hexes/Ice                    2
   c - Confuse                        Hexes                        3
   d - Tukima's Dance                 Hexes                        3
   e - Dazzling Spray                 Conjuration/Hexes            3
Comestibles
 c - 17 rations


   Skills:
 + Level 2.9 Fighting
 + Level 6.6 Slings
 + Level 4.2 Dodging
 + Level 3.7 Stealth
 + Level 11.4 Spellcasting
 + Level 1.6 Conjurations
 + Level 0.1 Hexes
 + Level 2.1 Charms
 + Level 3.8 Summonings
 + Level 8.3 Ice Magic


You had 5 spell levels left.
You knew the following spells:

 Your Spells              Type           Power        Failure   Level  Hunger
a - Freeze                Ice            ####         1%          1    None
b - Throw Frost           Conj/Ice       ######       1%          2    None
c - Ozocubu's Armour      Chrm/Ice       ######..     1%          3    None
d - Summon Ice Beast      Ice/Summ       ######..     3%          4    None
e - Throw Icicle          Conj/Ice       ######..     5%          4    None
f - Ensorcelled Hibernat  Hex/Ice        ######       1%          2    None
g - Corona                Hex            ##.....      4%          1    None
h - Dazzling Spray        Conj/Hex       ###...       10%         3    None
i - Confuse               Hex            ##......     13%         3    None
j - Tukima's Dance        Hex            ##......     13%         3    None


Dungeon Overview and Level Annotations

Branches:
Dungeon (9/15)             Temple (0/1) D:4
   Lair: D:8-11         Orc: D:9-12

Altars:
Cheibriados
Gozag
Hepliaklqana
Makhleb
Nemelex Xobeh
Okawaru
Qazlal
Ru
The Shining One

Shops:
D:4 (   D:8 (


Message History

Press: ? - help, Shift-Dir - straight line, f/p - two-headed ogre
Aim: a two-headed ogre, wielding two giant spiked clubs (moderately wounded)
You feel a surge of power!
You miscast Throw Icicle.
You are very lightly contaminated with residual magic.
Frost spreads across the the floor.
Casting: Throw Icicle
Confirm with . or Enter, or press ? or * to list all spells.
Aiming: Freeze
Press: ? - help, Shift-Dir - straight line, f/p - two-headed ogre
Aim: a two-headed ogre, wielding two giant spiked clubs (moderately wounded)
You feel a surge of power!
You freeze the two-headed ogre.
The two-headed ogre is heavily wounded.
The two-headed ogre hits you with a giant spiked club!!
The two-headed ogre hits you with a giant spiked club!
Casting: Freeze
Confirm with . or Enter, or press ? or * to list all spells.
You feel a surge of power! A film of ice covers your body!
The two-headed ogre misses you.
The two-headed ogre hits you with a giant spiked club!!
You die...

##... #....
##....
########....
##....#.....#
............# .
......#.....#....
......#..@O......
.........##......
#........# .$...
.........# ....
#......<.# ...
#........# ..
#........# .
#........#
#........#


You could see a two-headed ogre.

Vanquished Creatures
  The ghost of Dharzhak the Geomancer, a novice GrEE of Vehumet (D:8)
  A dream sheep (D:8)
  The ghost of suicidejoker the Cudgeler, an amateur OpGl (D:4)
  Edmund (D:4)
  A black bear (D:7)
  3 orc warriors
  2 sky beasts
  A necrophage (D:5)
  2 wolves (D:8)
  An ogre (D:5)
  A big kobold (D:8)
  A bullfrog (D:7)
  A wight (D:8)
  2 howler monkeys (D:5)
  A crimson imp (D:6)
  4 hounds
  A jelly (D:6)
  5 orc wizards
  A gnoll shaman (D:8)
  2 orc priests
  A hound zombie (D:7)
  A worker ant zombie (D:8)
  6 adders
  14 gnolls
  An adder skeleton (D:8)
  4 worms
  3 dart slugs
  6 leopard geckos
  17 orcs
  2 ball pythons (D:5)
  5 bats
  2 giant cockroaches
  11 goblins
  6 hobgoblins
  8 jackals
  7 quokkas
  3 frilled lizards
  A jackal skeleton (D:4)
  5 kobolds
  A leopard gecko zombie (D:7)
  8 rats
145 creatures vanquished.

Vanquished Creatures (collateral kills)
  A hydra (D:8)
  A two-headed ogre (D:8)
  Prince Ribbit (D:8)
  Grinder (D:5)
  A dream sheep (D:8)
  2 hippogriffs
  2 yaks (D:8)
  Grum (D:8)
  The ghost of ryzol the Grasshopper, an amateur GnWr (D:3)
  Menkaure (D:5)
  2 orc warriors
  An ice beast (D:6)
  2 ogres
  2 wolves (D:8)
  2 big kobolds (D:8)
  A bullfrog (D:6)
  2 wights (D:8)
  A howler monkey (D:6)
  A crimson imp (D:7)
  Ijyb (D:5)
  An orc wizard (D:5)
  3 worker ants
  A killer bee zombie (D:6)
  A hound zombie (D:6)
  A worker ant zombie (D:6)
  4 adders
  A howler monkey skeleton (D:5)
  A shadow imp (D:5)
  A worm (D:3)
  8 orcs
  2 jackals (D:6)
  A rat (D:3)
52 creatures vanquished.

Vanquished Creatures (others)
  A dancing weapon (D:8)
  3 plants (D:8)
4 creatures vanquished.

Grand Total: 201 creatures vanquished

Notes
Turn   | Place    | Note
-------+----------+-------------------------------------------
     0 | D:1      | Falco the Deep Elf Ice Elementalist began the quest for the Orb.
     0 | D:1      | Reached XP level 1. HP: 10/10 MP: 6/6
   267 | D:1      | Reached XP level 2. HP: 15/15 MP: 5/8
   271 | D:1      | Learned a level 2 spell: Throw Frost
  1122 | D:2      | Reached XP level 3. HP: 19/19 MP: 7/10
  1151 | D:2      | Learned a level 3 spell: Ozocubu's Armour
  1626 | D:2      | Found a hazy altar of Hepliaklqana.
  2124 | D:3      | Reached skill level 4 in Spellcasting
  2124 | D:3      | Reached XP level 4. HP: 24/24 MP: 12/12
  2158 | D:3      | Reached skill level 1 in Slings
  2339 | D:3      | Learned a level 4 spell: Summon Ice Beast
  2559 | D:3      | Noticed ryzol's ghost (amateur GnWr)
  2578 | D:3      | Killed ryzol's ghost
  2578 | D:3      | Reached XP level 5. HP: 25/28 MP: 0/14
  2709 | D:3      | Reached skill level 5 in Spellcasting
  2842 | D:3      | Reached XP level 6. HP: 20/32 MP: 11/15
  3389 | D:3      | Learned a level 4 spell: Throw Icicle
  3561 | D:4      | Found an iron altar of Okawaru.
  3585 | D:4      | Found a staircase to the Ecumenical Temple.
  3628 | D:4      | Found Dumpa's Weapon Boutique.
  3772 | D:4      | Noticed suicidejoker's ghost (amateur OpGl)
  3783 | D:4      | Killed suicidejoker's ghost
  3783 | D:4      | Reached skill level 1 in Summonings
  3803 | D:4      | Noticed Edmund
  3816 | D:4      | Killed Edmund
  3816 | D:4      | Reached skill level 6 in Spellcasting
  3816 | D:4      | Reached skill level 5 in Ice Magic
  3816 | D:4      | Reached XP level 7. HP: 36/37 MP: 2/18
  4051 | D:4      | Found a sparkling altar of Nemelex Xobeh.
  4137 | D:5      | Entered Level 5 of the Dungeon
  4145 | D:5      | Noticed Menkaure
  4153 | D:5      | Killed Menkaure
  4333 | D:5      | Noticed Ijyb
  4343 | D:5      | Killed Ijyb
  4471 | D:5      | Reached skill level 1 in Fighting
  4729 | D:5      | Found a sacrificial altar of Ru.
  4762 | D:5      | Noticed Grinder
  4765 | D:5      | Paralysed by Grinder for 4 turns
  5206 | D:5      | Reached skill level 7 in Spellcasting
  5821 | D:5      | Killed Grinder
  5926 | D:5      | Reached XP level 8. HP: 43/43 MP: 17/20
  6183 | D:6      | Reached skill level 8 in Spellcasting
  7150 | D:7      | Found an opulent altar of Gozag.
  7207 | D:7      | Reached skill level 9 in Spellcasting
  7212 | D:7      | Reached skill level 5 in Slings
  7477 | D:7      | Reached XP level 9. HP: 48/48 MP: 19/24
  7863 | D:7      | Found a glowing golden altar of the Shining One.
  8132 | D:8      | Noticed Grum
  8153 | D:8      | Killed Grum
  8454 | D:8      | Reached skill level 10 in Spellcasting
  8577 | D:8      | Reached skill level 1 in Charms
  8643 | D:8      | Noticed a two-headed ogre
  8653 | D:8      | Killed a two-headed ogre
  8839 | D:8      | Noticed a three-headed hydra
  8845 | D:8      | Killed a three-headed hydra
  8858 | D:8      | Reached XP level 10. HP: 20/54 MP: 2/26
  9140 | D:8      | Found a snail-covered altar of Cheibriados.
  9165 | D:8      | Found a stormy altar of Qazlal.
  9279 | D:8      | Found a burning altar of Makhleb.
  9316 | D:8      | Learned a level 2 spell: Ensorcelled Hibernation
  9321 | D:8      | Learned a level 1 spell: Corona
  9325 | D:8      | Learned a level 3 spell: Dazzling Spray
  9329 | D:8      | Learned a level 3 spell: Confuse
  9333 | D:8      | Learned a level 3 spell: Tukima's Dance
  9494 | D:8      | Reached skill level 11 in Spellcasting
  9542 | D:8      | Noticed Dharzhak's ghost (novice GrEE)
  9549 | D:8      | Killed Dharzhak's ghost
  9943 | D:8      | Found Musibiom's Antique Weapon Shop.
 10069 | D:8      | Noticed Prince Ribbit
 10073 | D:8      | Killed Prince Ribbit
 10115 | D:9      | Noticed a two-headed ogre
 10120 | D:9      | Slain by a two-headed ogre

Skill      XL: |  1  2  3  4  5  6  7  8  9 10 |
---------------+-------------------------------+-----
Ice Magic      | 4 5 6 8 |  8.3
Spellcasting   | 4 5 6 7 9 10 11 | 11.4
Slings         | 2 3 4 5 6 |  6.6
Stealth        | 3 |  3.7
Summonings     | 1 3 |  3.8
Fighting       | 1 2 |  2.9
Dodging        | 3 4 |  4.2
Charms         | 1 2 |  2.1
Conjurations   | |  1.6
Hexes          | |  0.1

Action                   |  1- 3 |  4- 6 |  7- 9 | 10-12 || total
-------------------------+-------+-------+-------+-------++-------
Melee: Hunting sling     |       |       |     8 |       ||     8
 Fire: Hunting sling     |    31 |    76 |   198 |    32 ||   337
 Cast: Freeze            |    20 |    29 |   117 |    12 ||   178
       Throw Frost       |    26 |     5 |       |       ||    31
       Ozocubu's Armour  |     1 |     3 |    13 |     3 ||    20
       Summon Ice Beast  |       |     4 |    29 |    12 ||    45
       Throw Icicle      |       |       |       |     2 ||     2
       Dazzling Spray    |       |       |       |     2 ||     2
       Tukima's Dance    |       |       |       |     1 ||     1
  Use: Scroll            |     1 |     2 |    14 |       ||    17
  Eat: Chunk             |     1 |       |       |       ||     1
       Ration            |     1 |     2 |     5 |     2 ||    10
Armor: Robe              |     3 |     5 |    40 |       ||    48
Dodge: Dodged            |     7 |    15 |    86 |    10 ||   118
